 Dungeon Crawl Stone Soup version 0.25-a0-404-gc1b5a34292 (webtiles) character file.

Game seed: 17863458322607072947, levelgen mode: deterministic

92 Jerej03 the Firebug (level 4, 0/33 HPs)
             Began as a Draconian Fire Elementalist on Jan 11, 2020.
             Succumbed to an orc wizard's poison
             ... on level 4 of the Dungeon.
             The game lasted 00:11:42 (1383 turns).

Jerej03 the Firebug (Draconian Fire Elementalist)   Turns: 1383, Time: 00:11:42

Health: 0/33       AC:  5    Str: 11      XL:     4   Next: 35%
Magic:  4/8        EV: 12    Int: 14 (16) God:
Gold:   203        SH:  0    Dex: 10 (11) Spells: 4/8 levels left

rFire    + . .     SeeInvis .   e - +1 dagger (elec)
rCold    x . .     Gourm    .   (no shield)
rNeg     . . .     Faith    .   (armour unavailable)
rPois    .         Spirit   .   (helmet restricted)
rElec    .         Reflect  .   (no cloak)
rCorr    .         Harm     .   (no gloves)
MR       +....                  (no boots)
Stlth    ++........             (no amulet)
HPRegen  0.11/turn              l - ring of protection from magic
MPRegen  0.11/turn              d - ring of fire

@: lethally poisoned (0 -> -6)
A: unfitting armour, cold-blooded, AC +5
a: no special abilities


You were on level 4 of the Dungeon.
You were not hungry.

You visited 1 branch of the dungeon, and saw 3 of its levels.

You collected 203 gold pieces.

Inventory:

Hand Weapons
 a - a +2 dagger of venom
 e - a +1 dagger of electrocution (weapon)
 f - a +0 dagger of freezing
 i - a +1 dagger of protection
Missiles
 h - 53 bolts (quivered)
Jewellery
 d - a ring of fire (right hand)
 l - a ring of protection from magic (left hand)
Scrolls
 c - a scroll of fog
 g - 3 scrolls of identify
 j - a scroll of enchant weapon {unknown}
 k - 4 scrolls of remove curse
Potions
 m - a potion of magic {unknown}
Comestibles
 b - 4 rations


   Skills:
 + Level 0.2 Fighting
 + Level 0.3 Short Blades
 + Level 2.2 Dodging
 + Level 2.2 Stealth
 + Level 2.7 Spellcasting
 + Level 1.4 Conjurations
 + Level 0.1 Hexes
 + Level 3.9 Fire Magic


You had 4 spell levels left.
You knew the following spells:

 Your Spells              Type           Power        Failure   Level  Hunger
a - Foxfire               Conj/Fire      ##..         8%          1    #......
b - Inner Flame           Hex/Fire       ##......     28%         3    ###....

Your spell library contained the following spells:

 Spells                   Type           Power        Failure   Level  Hunger
 Conjure Flame            Conj/Fire      ##......     22%         3    ###....
 Sticky Flame             Conj/Fire      ##......     58%         4    #####..
 Fireball                 Conj/Fire      ##........   90%         5    ######.


Dungeon Overview and Level Annotations

Branches:
Dungeon (2/15)

Altars:

Shops:
D:4 =

Annotations:
D:4 1 transporter


Innate Abilities, Weirdness & Mutations

Your plain brown scales are hard. (AC +5)
You cannot fit into any form of body armour.
You are cold-blooded and may be slowed by cold attacks.


Message History

* * * LOW HITPOINT WARNING * * *
* * * LOW HITPOINT WARNING * * *
You feel sick. The orc wizard completely misses you.
* * * LOW HITPOINT WARNING * * *
You feel sick. The orc wizard closely misses you.
* * * LOW HITPOINT WARNING * * *
You feel sick.
An orc comes into view. It is wielding a +0 short sword.
The orc wizard barely misses you.
* * * LOW HITPOINT WARNING * * *
You feel sick. The orc hits you but does no damage.
* * * LOW HITPOINT WARNING * * *
You feel sick.
The orc wizard points at you and mumbles some strange words.
The puff of flame hits you. You resist.
* * * LOW HITPOINT WARNING * * *
* * * LOW HITPOINT WARNING * * *
You feel sick.
Found two stone staircases leading down.
You die...

#...... .......... . #.....###
#......... .. ##.......#
#......>.# ..##........
##.......###
...#......#..##.........#
..........#..#..........#
..........#.........# ..#
©....!.........#@..># ..#
...............##...##.#
.............# ##.##.###
............# ###.ooo..#####
...........## ..##..#ro...#.#
.........(.###..###.###.....##
..####....##.##......###..#..##
.# ##...............## ##.##..#
. #................####.....##


You could see 2 orc wizards and a quokka.

Vanquished Creatures
  A howler monkey (D:4)
  2 adders (D:2)
  4 orcs (D:2)
  4 bats
  4 giant cockroaches
  3 goblins
  3 hobgoblins
  4 kobolds
  A ball python (D:2)
  2 frilled lizards
  4 rats
32 creatures vanquished.

Vanquished Creatures (others)
  61 foxfires
61 creatures vanquished.

Grand Total: 93 creatures vanquished

Notes
Turn   | Place    | Note
-------+----------+-------------------------------------------
     0 | D:1      | Jerej03 the Draconian Fire Elementalist began the quest for
                  | the Orb.
     0 | D:1      | Reached XP level 1. HP: 14/14 MP: 3/3
   163 | D:1      | Reached XP level 2. HP: 19/20 MP: 1/5
   678 | D:2      | Reached XP level 3. HP: 24/26 MP: 4/6
   786 | D:2      | Learned a level 3 spell: Inner Flame
   948 | D:2      | HP: 1/26 [poisoned by an orc]
  1272 | D:2      | You fall into a shaft and drop 2 floors!
  1272 | D:4      | Found Raorun's Jewellery Shoppe.
  1302 | D:4      | Found a transporter.
  1350 | D:4      | Reached XP level 4. HP: 18/33 MP: 0/8
  1381 | D:4      | HP: 1/33 [poisoned by an orc wizard]
  1383 | D:4      | Succumbed to an orc wizard's poison

Levels and vault maps discovered:
D:1:      dpeg_arrival_simpleton_c, layout_rooms
D:2:      layout_basic, minmay_tiny_reverse_x
D:4:      gammafunk_steamed_eel, layout_cave_pools, serial_shops, shop_coins,
          minmay_strange_pillars, minmay_misc_feat_tiny

Skill      XL: |  1  2 |
---------------+-------+-----
Dodging        | 2 |  2.2
Stealth        | 2 |  2.2
Fighting       | |  0.2
Short Blades   | |  0.3
Spellcasting   | |  2.7
Conjurations   | |  1.4
Hexes          | |  0.1
Fire Magic     | |  3.9

Action                   |  1- 3 |  4- 6 || total
-------------------------+-------+-------++-------
Melee: Dagger            |    33 |     4 ||    37
       Unarmed           |     4 |       ||     4
       Tailslap          |     2 |       ||     2
 Cast: Foxfire           |    36 |       ||    36
       Inner Flame       |     3 |       ||     3
  Use: Scroll            |     5 |       ||     5
       Potion            |     3 |       ||     3
 Stab: Sleeping          |     1 |       ||     1
  Eat: Ration            |     1 |       ||     1
Armor: Skin              |    20 |     4 ||    24
Dodge: Dodged            |    41 |     7 ||    48

Table legend:
 A = Non-vault XP
 B = Vault XP
 C = Vault XP percentage of total XP
 D = Non-vault monster count
 E = Vault monster count
 F = Vault count percentage of total count
                 A         B        C        D         E       F
            +---------+---------+-------+---------+---------+-------
      Total |     132 |       0 |   0.0 |      32 |       0 |   0.0
            +---------+---------+-------+---------+---------+-------
        D:1 |      20 |       0 |   0.0 |      13 |       0 |   0.0
        D:2 |      58 |       0 |   0.0 |      18 |       0 |   0.0
        D:4 |      54 |       0 |   0.0 |       1 |       0 |   0.0
            +---------+---------+-------+---------+---------+-------
